 Dungeon Crawl Stone Soup version 0.27-a0-1312-g5cdb2b3542 (webtiles) character file.

Game seed: 2795649479145453299

84 Tiocfaidh the Insei (level 4, -1/28 HPs)
             Began as an Octopode Transmuter on June 19, 2021.
             Slain by a gnoll (10 damage)
             ... on level 2 of the Dungeon.
             The game lasted 00:06:04 (1305 turns).

Tiocfaidh the Insei (Octopode Transmuter)           Turns: 1305, Time: 00:06:05

Health: -1/28      AC:  1    Str: 15    XL:     4   Next: 45%
Magic:  7/7        EV: 13    Int: 15    God:
Gold:   19         SH:  0    Dex: 13    Spells: 6/7 levels left

rFire    . . .     SeeInvis .   a - +1 dagger (speed)
rCold    . . .     Faith    .   (no shield)
rNeg     . . .     Spirit   .   (helmet restricted)
rPois    .         Reflect  .   e - amulet of regeneration
rElec    .         Harm     .   d - +6 ring of strength
rCorr    .         Rampage  .   (no ring)
Will     .....                  (no ring)
Stlth    +++.......             (no ring)
HPRegen  1.09/turn              (no ring)
MPRegen  0.10/turn              (no ring)
                                (no ring)
                                (no ring)

@: no status effects
A: almost no armour, amphibious, 8 rings, camouflage 1, gelatinous body 1,
(nimble swimmer 1), tentacles
a: no special abilities


You were on level 2 of the Dungeon.
You visited 1 branch of the dungeon, and saw 2 of its levels.

You collected 19 gold pieces.

Inventory:

Hand Weapons
 a - a +1 dagger of speed (weapon)
Jewellery
 d - a +6 ring of strength (left tentacle)
 e - an amulet of regeneration (around mantle)
Scrolls
 b - 2 scrolls of teleportation {unknown}
 f - a scroll of identify {unknown}
 i - a scroll of blinking {unknown}
Potions
 c - 2 potions of degeneration {unknown}
 g - a potion of attraction {unknown}
 h - a potion of curing {unknown}
 j - a potion of might {unknown}


   Skills:
 + Level 1.0 Fighting
 + Level 1.5 Short Blades
 + Level 2.7 Dodging
 + Level 1.3 Stealth
 + Level 3.7 Unarmed Combat
 + Level 2.1 Spellcasting
 + Level 2.3 Transmutations


You had 6 spell levels left.
You knew the following spells:

 Your Spells              Type           Power      Damage    Failure   Level
a - Beastly Appendage     Tmut           16%        N/A       9%          1

Your spell library contained the following spells:

 Spells                   Type           Power      Damage    Failure   Level
 Wereblood                Tmut           8%         N/A       13%         2
 Spider Form              Tmut/Pois      2%         N/A       38%         3
 Ice Form                 Ice/Tmut       5%         N/A       80%         4


Dungeon Overview and Level Annotations

Branches:
Dungeon (2/15)

Altars:


Innate Abilities, Weirdness & Mutations

You cannot wear most types of armour.
You are amphibious.
You can wear up to eight rings at the same time.
Your skin changes colour to match your surroundings (Stealth+).
Your rubbery body absorbs attacks. (AC +1, EV +1)
((You are camouflaged near water. (Stealth+)))
You have tentacles for arms and can constrict up to eight enemies at once.


Message History

You constrict the jackal, but do no damage.
The jackal closely misses you.
You hit the jackal but do no damage.
The jackal is almost dead.
You constrict the jackal.
You kill the jackal!
The jackal bites you. The jackal closely misses you.
Found a long sword.
You see here a jackal corpse.
You barely miss the jackal. You grab the jackal. You constrict the jackal.
The jackal misses you.
You hit the jackal.
You kill the jackal!
You see here a +0 long sword.
A gnoll comes into view.
It is wielding a +0 spear. 2 gnolls come into view.
The gnoll shouts! x2
The gnoll hits you from afar with a +0 spear!
Found a falchion.
Found a stone staircase leading down.
The gnoll closely misses you. The gnoll misses you.
You hit the gnoll but do no damage. You grab the gnoll. You squeeze the gnoll!
The gnoll is heavily wounded.
You constrict the gnoll.
The gnoll hits you from afar with a +0 spear!
The gnoll closely misses you.
You hit the gnoll.
The gnoll is severely wounded.
You constrict the gnoll.
The gnoll hits you from afar with a +0 spear.
The gnoll hits you with a +0 spear.
You hit the gnoll but do no damage. You tentacle-slap the gnoll.
You kill the gnoll!
The gnoll closely misses you. The gnoll hits you with a +0 spear!
* * * LOW HITPOINT WARNING * * *
Things that are here:
a +0 spear; a gnoll corpse You hit the gnoll but do no damage.
You grab the gnoll.
You constrict the gnoll, but do no damage.
The gnoll hits you with a +0 flail!
You die...

#..... ...#..
#####.
#.).#...#######.
...>............
........#######.
....... #.
....... #.
#######g......
#.
#.....@g......
#.
#.#########.##
#. #.# #. #.#
#)# #.# #.# #.#
#.#


You could see 2 gnolls.

Vanquished Creatures
  2 gnolls
  An adder (D:2)
  A worm (D:2)
  3 dart slugs
  4 ball pythons
  A giant cockroach (D:1)
  4 goblins (D:1)
  3 hobgoblins (D:1)
  9 jackals
  2 quokkas (D:2)
  2 bats
  5 frilled lizards
  8 rats
45 creatures vanquished.

Notes
Turn   | Place    | Note
-------+----------+-------------------------------------------
     0 | D:1      | Tiocfaidh the Octopode Transmuter began the quest for the
                  | Orb.
     0 | D:1      | Reached XP level 1. HP: 13/13 MP: 3/3
   559 | D:1      | Reached XP level 2. HP: 18/18 MP: 5/5
   688 | D:1      | Reached XP level 3. HP: 23/23 MP: 6/6
  1000 | D:1      | Reached skill level 1 in Stealth
  1202 | D:2      | Reached skill level 1 in Short Blades
  1229 | D:2      | Reached XP level 4. HP: 28/28 MP: 7/7
  1305 | D:2      | Slain by a gnoll

Illustrated notes

Levels and vault maps discovered:
D:1:      matt_arrival_refuge, layout_loops_ring, serial_glass, glass_columns_c,
          glass_columns_c, glass_columns_c
D:2:      layout_basic, amcnicky_mini_corridor_feature

Skill      XL: |  1  2  3 |
---------------+----------+-----
Stealth        | 1 |  1.3
Short Blades   | 1 |  1.5
Fighting       | |  1.0
Dodging        | |  2.7
Unarmed Combat | |  3.7
Spellcasting   | |  2.1
Transmutations | |  2.3

Action                   |  1- 3 |  4- 6 || total
-------------------------+-------+-------++-------
Melee: Dagger            |    78 |    17 ||    95
       Constrict         |    19 |     5 ||    24
       Tentacles         |    20 |     2 ||    22
       Punch             |     1 |     2 ||     3
 Stab: Sleeping          |     6 |     2 ||     8
Armor: Skin              |     4 |       ||     4
Dodge: Dodged            |    27 |     9 ||    36

Table legend: (Time is in decaauts)
 A = Elapsed time spent in this place.
 B = Non-inter-level travel time spent in this place.
 C = Inter-level travel time spent in this place.
 D = Time resting spent in this place.
 E = Time spent auto-exploring this place.
 F = Levels seen in this place.
 G = Mean time per level.
                   A        B        C        D        E       F      G
               +--------+--------+--------+--------+--------+-----+--------+
         Total |   1270 |    771 |    499 |    299 |      0 |   2 |  635.0 |
       Dungeon |   1270 |    771 |    499 |    299 |      0 |   2 |  635.0 |
               +--------+--------+--------+--------+--------+-----+--------+

Top non-repeatable levels by time:
     D:1: 1014 daAuts
     D:2: 256 daAuts
